 Dungeon Crawl Stone Soup version 0.16.2-12-gd0ad4c3 (webtiles) character file.

5925 magipi the Cleaver (level 10, -12/87 (88) HPs)
             Began as a Ghoul Gladiator on Mar 9, 2016.
             Was an Elder of Makhleb.
             Mangled by a hill giant
             ... wielding a +0 giant club
              (28 damage)
             ... on level 11 of the Dungeon.
             The game lasted 00:49:44 (6732 turns).

magipi the Cleaver (Ghoul Gladiator)                Turns: 6732, Time: 00:49:44

HP:   -12/87 (88)   AC: 17    Str: 20    XL:     10   Next: 83%
MP:   13/13         EV: 12    Int:  4    God:    Makhleb [****..]
Gold: 549           SH:  0    Dex: 11    Spells: 1 memorised, 8 levels left

rFire  . . .     SeeInvis .     S - +0 demon whip (pain)
rCold  + . .     Clarity  +     B - +0 plate armour
rNeg   + + +     SustAb   .     (no shield)
rPois  ∞         Gourm    .     c - +1 helmet
rElec  .         Spirit   .     (no cloak)
rCorr  .         Warding  .     h - +0 pair of gloves
rMut   .         Stasis   .     q - +0 pair of boots
MR     +....                    r - amulet of clarity
Stlth  ..........               k - +5 ring of evasion
                                l - ring of protection from magic

@: rotting, somewhat resistant to hostile enchantments, extremely unstealthy
A: rotting body, claws 1, carnivore 3, cold resistance 1, negative energy
resistance 3, poison resistance, slow healing 1, torment resistance, unbreathing
a: Minor Destruction, Lesser Servant of Makhleb, Major Destruction, Renounce
Religion


You were on level 11 of the Dungeon.
You worshipped Makhleb.
Makhleb was greatly pleased with you.
You were not hungry.

You visited 2 branches of the dungeon, and saw 12 of its levels.
You also visited: Ossuary.

You collected 549 gold pieces.

Inventory:

Hand weapons
 a - a +1 war axe
 b - a +0 blowgun
 S - a +0 demon whip of pain (weapon)
Missiles
 t - 7 tomahawks (quivered)
 K - 4 javelins
Armour
 c - a +1 helmet (worn)
 h - a +0 pair of gloves (worn)
 q - a +0 pair of boots (worn)
 B - a +0 plate armour (worn)
 C - a +1 scale mail of cold resistance
Magical staves
 o - an uncursed staff of earth {unknown}
Jewellery
 e - an uncursed ring of teleport control
 k - a +5 ring of evasion (right hand)
 l - a ring of protection from magic (left hand)
 r - an amulet of clarity (around neck)
 L - a cursed amulet of inaccuracy {unknown}
Magical devices
 u - a wand of flame (11)
 A - a wand of magic darts (11)
 H - a wand of polymorph (13)
 P - a wand of fire (15)
 R - a wand of frost (29)
Scrolls
 j - 8 scrolls of remove curse
 w - a scroll of blinking
 y - a scroll of teleportation
 F - 4 scrolls of magic mapping
Potions
 f - a potion of haste
 g - 6 potions of curing
 i - a potion of brilliance
 n - a potion of lignification {unknown}
 x - a potion of flight {unknown}
 z - 2 potions of agility
 G - a potion of mutation {unknown}
 I - a potion of cancellation {unknown}
 J - 3 potions of ambrosia {unknown}
 O - a potion of resistance {unknown}
Books
 p - a book of Necromancy

   Spells                             Type                      Level
   a - Pain                           Necromancy                   1
   b - Animate Skeleton               Necromancy                   1
   c - Vampiric Draining              Necromancy                   3
   d - Regeneration                   Charms/Necromancy            3
   e - Animate Dead                   Necromancy                   4
   f - Control Undead                 Necromancy                   4
 T - a book of the Warp

   Spells                             Type                      Level
   a - Recall                         Summoning/Translocation      3
   b - Control Teleport               Charms/Translocation         4
   c - Force Lance                    Conjuration/Translocation    4
   d - Phase Shift                    Translocation                5
   e - Warp Weapon                    Charms/Translocation         5
   f - Gell's Gravitas                Hexes/Translocation          5
   g - Summon Forest                  Summoning/Translocation      5
Comestibles
 s - 2 meat rations
 v - a chunk of flesh
 D - 8 beef jerkies


   Skills:
 - Level 8.0 Fighting
 - Level 10.6 Axes
 - Level 1.7 Throwing
 - Level 6.0 Armour
 - Level 2.6 Dodging
 + Level 2.9 Necromancy
 + Level 3.5 Invocations
 + Level 3.0 Evocations


You had 8 spell levels left.
You knew the following spells:

 Your Spells              Type           Power        Failure   Level  Hunger
a - Animate Skeleton      Necr           N/A          100%        1    ##.....


Dungeon Overview and Level Annotations

Branches:
Dungeon (11/15)            Temple (1/1) D:6            Lair (0/8) D:10
    Orc: D:9-12

Altars:
Ashenzari
Cheibriados
Dithmenos
Elyvilon
Fedhas
Gozag
Kikubaaqudgha
Makhleb
Nemelex Xobeh
Okawaru
Qazlal
Ru
Sif Muna
Vehumet
Xom
Yredelemnul
Zin
The Shining One


Innate Abilities, Weirdness & Mutations

Your body is rotting away.
You thrive on raw meat.
You have sharp fingernails.
You are carnivorous and can eat meat at any time.
Your flesh is cold resistant.
You are immune to negative energy.
Your system is resistant to poisons.
You heal slowly when monsters are visible.
You are immune to unholy pain and torment.
You can survive without breathing.

Vault maps used:
D:1:      lightli_arrival_boilingwater
D:2:      bloody_trog, amethyst_overflow_temple_binary, minmay_unequal
D:3:      cheibrodos_ashenzari_chains
D:4:      minmay_goblin_outpost
D:5:      first_bread
D:6:      kennysheep_mini, gammafunk_temple_overflow_elements,
          fedhas_altar_fruit_tree, minmay_temple_entry_grid, enter_ossuary_4,
          minivault_26
D:8:      grunt_ogre_cave, lemuel_hellish_altar, uniq_pikel, uniq_blork_the_orc
D:10:     dpeg_lair_monsters, uniq_joseph
D:11:     erik_1, kennysheep_small_spiral
Temple:   circular_temple_pool_12
Ossuary:  ossuary_tomb_1


Message History

Some of the chunks of flesh in your inventory have rotted away.
You feel your flesh rotting away.
Found a potion of curing.
g - 6 potions of curing (gained 1) Some of the chunks of flesh in your inventory have rotted away.
The wyvern barely misses you.
You hit the wyvern.
The wyvern is lightly wounded.
The wyvern bites you.
You hit the wyvern.
The wyvern is moderately wounded.
The wyvern barely misses you. x2
You hit the wyvern but do no damage.
The wyvern is moderately wounded.
The wyvern closely misses you.
You hit the wyvern.
The wyvern is heavily wounded.
The wyvern bites you but does no damage. x2
You closely miss the wyvern.
The wyvern is heavily wounded.
The wyvern misses you.
You slash the wyvern!
You kill the wyvern!
Makhleb accepts your kill.
Your Evocations skill increases to level 3!
Found an escape hatch in the floor.
As you open the door, it creaks loudly!
There is an open door here.
Found a rapier.
There is an escape hatch in the floor here.
Found a stone staircase leading down.
Found 23 gold pieces.
There is a stone staircase leading down here.
You now have 549 gold pieces (gained 23).
Found an escape hatch in the ceiling.
There is a stone staircase leading down here.
You climb downwards.
There is a stone staircase leading up here.
Found a stone staircase leading down.
Found 12 gold pieces.
A hill giant comes into view. It is wielding a giant club.
The hill giant shouts!
b - a +0 blowgun (weapon)
Throwing (i - inventory. (,) - cycle):
d - a throwing net (quivered)
Press: ? - help, Shift-Dir - straight line, f - hill giant
Aim: a hill giant, wielding a giant club You throw a throwing net.
The throwing net hits the hill giant.
The hill giant is too large for the net to hold!
Throwing (i - inventory. (,) - cycle):
t - 7 tomahawks (quivered)
Press: ? - help, Shift-Dir - straight line, f/p - hill giant
Aim: a hill giant, wielding a giant club
Okay, then.
Unknown command.
Quiver which item? (- for none, * to show all) (? for menu, Esc to quit)
Okay, then.
Unknown command.
Unknown command.
Search for what [Enter for "blow", or ? for help]? need Can't find anything matching that.
Unknown command.
Wield which item (- for none, * to show all)? (? for menu, Esc to quit)
Pain shudders through your arm!
S - a +0 demon whip of pain (weapon)
Throwing (i - inventory. (,) - cycle):
t - 7 tomahawks (quivered)
Press: ? - help, Shift-Dir - straight line, f/p - hill giant
Aim: a hill giant, wielding a giant club
Okay, then.
Unknown command.
You whack the hill giant!
The hill giant writhes in agony.
The hill giant is lightly wounded.
The hill giant hits you with a giant club!!
You hit the hill giant.
The hill giant is moderately wounded.
You hit the hill giant but do no damage.
The hill giant is moderately wounded.
The hill giant closely misses you.
You hit the hill giant but do no damage.
The hill giant is moderately wounded.
You hit the hill giant.
The hill giant writhes in agony.
The hill giant is moderately wounded.
The hill giant closely misses you.
You hit the hill giant.
The hill giant writhes in agony.
The hill giant is moderately wounded.
Your plate armour prevents you from hitting the hill giant.
The hill giant is moderately wounded.
The hill giant hits you with a giant club!
Quiver which item? (- for none, * to show all) (? for menu, Esc to quit)
Okay, then.
Unknown command.
You hit the hill giant.
The hill giant writhes in agony.
The hill giant is heavily wounded.
The hill giant hits you with a giant club!!
* * * LOW HITPOINT WARNING * * *
You whack the hill giant!
The hill giant writhes in agony.
The hill giant is heavily wounded.
Unknown command.
You whack the hill giant!
The hill giant writhes in agony.
The hill giant is severely wounded.
The hill giant hits you with a giant club!!
You die...

## .... ..... ......
......###############
#.....@C..........
#..<#####.........
#...# #.........
#...# #.C.......
#...# #.........
#...# #>....... ....#
#......$. ......
......... ######
##....(.


You could see a hill giant.

Table legend:
 A = Kills in this place as a percentage of kills in entire the game.
 B = Kills by you in this place as a percentage of kills by you in the entire game.
 C = Kills by friends in this place as a percentage of kills by friends in the entire game.
 D = Other kills in this place as a percentage of other kills in the entire game.
 E = Experience gained in this place as a percentage of experience gained in the entire game.
 F = Experience gained in this place divided by the number of levels of this place that you have seen.
                   A       B       C       D       E      F
               +-------+-------+-------+-------+-------+----------------------
         Total | 100.0 | 100.0 |  -nan |  -nan | 100.0 | 651.2
       Dungeon |  84.0 |  84.0 |  -nan |  -nan |  94.6 | 727.7
       Ossuary |  16.0 |  16.0 |  -nan |  -nan |   5.4 | 460.0
               +-------+-------+-------+-------+-------+----------------------

Vanquished Creatures
  Pikel (D:8)
  Joseph (D:10)
  A centaur skeleton (D:10)
  A blink frog (D:10)
  A yak (D:10)
  2 wyverns
  The ghost of kroki the Grave Robber, an average DrNe (Ossuary)
  An ice beast (D:8)
  2 sky beasts
  A wasp (D:8)
  2 orc warriors (D:6)
  2 necrophages (D:5)
  2 ogres
  2 centaurs
  A phantom (D:5)
  An elf zombie (Ossuary)
  6 giant frogs
  Blork the orc (D:8)
  2 scorpions
  13 killer bees
  An electric eel (D:9)
  9 wights
  A giant frog zombie (D:6)
  4 crimson imps
  A quasit (D:9)
  2 orc priests
  An iguana (D:5)
  2 jellies
  4 centaur zombies
  10 orc wizards
  A giant frog skeleton (D:4)
  2 hounds
  3 worker ants
  2 big kobold zombies (Ossuary)
  A hound zombie (D:5)
  A hound skeleton (D:6)
  3 mummies
  2 worker ant zombies
  10 adders
  12 gnolls
  2 worms
  An adder skeleton (D:9)
  An adder zombie (D:8)
  2 giant geckos
  An ooze (D:5)
  29 orcs
  9 bats
  A bat skeleton (D:5)
  3 giant cockroaches
  11 goblins
  13 hobgoblins
  5 kobolds
  3 quokkas
  3 giant newts
  A giant spore (D:10)
  2 goblin zombies
  13 hobgoblin zombies (Ossuary)
  4 jackals (D:3)
  A jackal zombie (Ossuary)
  10 kobold zombies (Ossuary)
  5 orc zombies (Ossuary)
  A quokka skeleton (D:10)
  9 rats
  4 rat zombies
  6 ballistomycetes
256 creatures vanquished.

Vanquished Creatures (others)
  A quasit (D:8)
  A giant spore (D:7)
2 creatures vanquished.

Grand Total: 258 creatures vanquished

Notes
Turn   | Place    | Note
--------------------------------------------------------------
     0 | D:1      | magipi, the Ghoul Gladiator, began the quest for the Orb.
     0 | D:1      | Reached XP level 1. HP: 17/17 MP: 1/1
    67 | D:1      | Reached skill level 3 in Axes
   343 | D:1      | Reached XP level 2. HP: 23/23 MP: 2/2
   561 | D:2      | Found a stormy altar of Qazlal.
   569 | D:2      | Found an iron altar of Okawaru.
   597 | D:2      | Reached XP level 3. HP: 23/28 MP: 3/3
   724 | D:2      | Reached skill level 4 in Axes
   932 | D:3      | Reached XP level 4. HP: 29/36 MP: 3/3
  1237 | D:3      | Reached skill level 5 in Axes
  1247 | D:3      | Reached XP level 5. HP: 38/41 MP: 4/4
  1331 | D:3      | Found a shattered altar of Ashenzari.
  1771 | D:4      | Reached XP level 6. HP: 42/47 MP: 5/5
  1945 | D:5      | Entered Level 5 of the Dungeon
  1967 | D:5      | Reached skill level 6 in Axes
  2381 | D:5      | Reached skill level 7 in Axes
  2381 | D:5      | Reached XP level 7. HP: 10/55 MP: 5/5
  2652 | D:5      | Reached skill level 8 in Axes
  2739 | D:6      | Found a staircase to the Ecumenical Temple.
  2743 | Temple   | Entered the Ecumenical Temple
  2836 | D:6      | Found a sand-covered staircase.
  2853 | Ossuary  | Entered an ossuary
  2900 | Ossuary  | Reached XP level 8. HP: 57/61 MP: 6/6
  2906 | Ossuary  | Noticed kroki's ghost (average DrNe)
  2935 | Ossuary  | Killed kroki's ghost
  3024 | Ossuary  | Reached skill level 9 in Axes
  3295 | D:6      | Found a burning altar of Makhleb.
  3295 | D:6      | Found a snail-covered altar of Cheibriados.
  3298 | D:6      | Became a worshipper of Makhleb the Destroyer
  3331 | D:6      | Found a blossoming altar of Fedhas.
  3440 | D:6      | Found a white marble altar of Elyvilon.
  3768 | D:6      | Reached skill level 1 in Armour
  4000 | D:6      | Reached skill level 10 in Axes
  4052 | D:7      | Acquired Makhleb's first power
  4052 | D:7      | Reached XP level 9. HP: 46/69 MP: 7/7
  4373 | D:7      | Acquired Makhleb's second power
  4373 | D:7      | Reached skill level 5 in Fighting
  4769 | D:8      | Noticed Blork the orc
  4787 | D:8      | Killed Blork the orc
  4930 | D:8      | Noticed a rust devil
  4933 | D:8      | Found a basalt altar of Yredelemnul.
  5025 | D:8      | Noticed Pikel
  5034 | D:8      | Killed Pikel
  5034 | D:8      | Reached skill level 5 in Armour
  5034 | D:8      | Reached XP level 10. HP: 70/86 MP: 7/7
  5517 | D:9      | Acquired Makhleb's third power
  5862 | D:9      | Learned a level 1 spell: Animate Skeleton
  5930 | D:10     | Entered Level 10 of the Dungeon
  5943 | D:10     | Reached skill level 1 in Invocations
  6196 | D:10     | Reached skill level 1 in Evocations
  6227 | D:10     | Reached skill level 1 in Necromancy
  6375 | D:10     | Noticed Joseph
  6394 | D:10     | Killed Joseph
  6394 | D:10     | Acquired Makhleb's fourth power
  6437 | D:10     | Found a staircase to the Lair.
  6712 | D:11     | Noticed a hill giant
  6732 | D:11     | Mangled by a hill giant

Action                   |  1- 3 |  4- 6 |  7- 9 | 10-12 || total
-------------------------+-------+-------+-------+-------++-------
Melee: War axe           |    90 |   189 |   485 |   223 ||   987
       Demon whip        |       |       |       |    10 ||    10
Throw: Throwing net      |       |     1 |    10 |     1 ||    12
Evoke: Wand              |       |       |       |     2 ||     2
  Use: Scroll            |     1 |     7 |     4 |    10 ||    22
       Potion            |       |       |     5 |       ||     5
 Stab: Held in net/web   |       |       |     4 |       ||     4
  Eat: Chunk             |     8 |    12 |    36 |     9 ||    65
       Beef jerky        |       |       |     1 |       ||     1

Action                   |  1- 3 |  4- 6 |  7- 9 | 10-12 || total
-------------------------+-------+-------+-------+-------++-------
Melee: War axe           |    90 |   189 |   485 |   223 ||   987
       Demon whip        |       |       |       |    10 ||    10
Throw: Throwing net      |       |     1 |    10 |     1 ||    12
Evoke: Wand              |       |       |       |     2 ||     2
  Use: Scroll            |     1 |     7 |     4 |    10 ||    22
       Potion            |       |       |     5 |       ||     5
 Stab: Held in net/web   |       |       |     4 |       ||     4
  Eat: Chunk             |     8 |    12 |    36 |     9 ||    65
       Beef jerky        |       |       |     1 |       ||     1

Action                   |  1- 3 |  4- 6 |  7- 9 | 10-12 || total
-------------------------+-------+-------+-------+-------++-------
Melee: War axe           |    90 |   189 |   485 |   223 ||   987
       Demon whip        |       |       |       |    10 ||    10
Throw: Throwing net      |       |     1 |    10 |     1 ||    12
Evoke: Wand              |       |       |       |     2 ||     2
  Use: Scroll            |     1 |     7 |     4 |    10 ||    22
       Potion            |       |       |     5 |       ||     5
 Stab: Held in net/web   |       |       |     4 |       ||     4
  Eat: Chunk             |     8 |    12 |    36 |     9 ||    65
       Beef jerky        |       |       |     1 |       ||     1
